 Dungeon Crawl Stone Soup version 0.30.0-5-g1a98f26d00 (webtiles) character file.

Game seed: 17243182828753432360

242 Tyszek the Poker (level 5, -2/67 HPs)
             Began as a Minotaur Fighter on May 10, 2023.
             Slain by a gnoll
             ... wielding a +0 spear
              (3 damage)
             ... on level 3 of the Dungeon.
             The game lasted 00:03:37 (2251 turns).

Tyszek the Poker (Minotaur Fighter)                 Turns: 2251, Time: 00:03:38

Health: -2/67      AC: 22    Str: 22    XL:     5   Next: 81%
Magic:  4/4        EV:  2    Int:  5    God:
Gold:   205        SH:  4    Dex: 10    Spells: 4/4 levels left

rFire   . . .        a - +0 trident
rCold   . . .        c - +0 buckler
rNeg    . . .        n - melded +0 plate armour
rPois   +            (helmet currently unavailable)
rElec   .            (cloak currently unavailable)
rCorr   .            (gloves currently unavailable)
SInv    .            (boots currently unavailable)
Will    .....        (no amulet)
Stlth   +            (no ring)
HPRegen 0.31/turn    (no ring)
MPRegen 0.09/turn

%: no passive effects
@: tree-form
A: stationary, stasis, torment immunity, boosted hp, (horns 2), (retaliatory
headbutt)
a: no special abilities


You were on level 3 of the Dungeon.
You were a tree.
You visited 1 branch of the dungeon, and saw 3 of its levels.

You collected 205 gold pieces.

Inventory:

Hand Weapons
 a - a +0 trident (weapon)
 w - a +0 whip of electrocution
Armour
 b - a +0 scale mail
 c - a +0 buckler (worn)
 n - a +0 plate armour (melded)
Jewellery
 t - an amulet of guardian spirit
Wands
 o - a wand of polymorph (1)
Scrolls
 e - a scroll of teleportation
 g - 3 scrolls of fog
 h - 5 scrolls of identify
 s - a scroll of brand weapon {unknown}
 u - a scroll of blinking {unknown}
 v - a scroll of vulnerability {unknown}
Potions
 d - a potion of might
 f - 3 potions of curing {unknown}
 i - 2 potions of brilliance {unknown}
 j - 2 potions of mutation {unknown}
 k - a potion of cancellation {unknown}
 l - a potion of flight {unknown}
 m - a potion of lignification
 p - a potion of invisibility {unknown}
 q - a potion of berserk rage {unknown}
 r - a potion of heal wounds {unknown}


   Skills:
 - Level 3.6 Fighting
 * Level 6.1 Polearms
 + Level 5.5 Armour
 + Level 0.4 Dodging
 - Level 3.6 Shields


You had 4 spell levels left.
You didn't know any spells.
Your spell library contained the following spells:

 Spells                   Type           Power      Damage    Failure   Level
 Kiss of Death            Conj/Necr      0%         2d5       54%         1
 Confusing Touch          Hex            0%         N/A       89%         3
 Gell's Gravitas          Tloc           0%         N/A       89%         3
 Teleport Other           Tloc           0%         N/A       89%         3
 Dispel Undead            Necr           0%         3d6       100%        4
 Dispersal                Tloc           0%         N/A       100%        6


Dungeon Overview and Level Annotations

Branches:
Dungeon (3/15)

Altars:


Innate Abilities, Weirdness & Mutations

You are a tree.
Your roots penetrate the ground, keeping you stationary.
You cannot be teleported.
You are immune to unholy pain and torment.
Your maximum health is greatly increased.
Your equipment is partially melded.
((You have a pair of horns on your head.))
((You reflexively headbutt those who attack you in melee.))


Message History

The gnoll is in the way.
You hit the gnoll.
The gnoll is moderately wounded.
The gnoll hits you but does no damage. x2
Reach: a) +0 trident
Press: ? - help, Dir - move target, f/p - gnoll
Aim: a gnoll, wielding a +0 spear (lightly wounded, about 37% to evade your +0 trident)
The gnoll is in the way.
You hit the gnoll.
The gnoll is almost dead.
The gnoll hits you with a +0 flail.
* * * LOW HITPOINT WARNING * * *
The gnoll hits you but does no damage.
You puncture the gnoll!
You kill the gnoll!
The gnoll hits you but does no damage.
The orc priest begins to cast a cantrip, but forgets the words!
Reach: a) +0 trident
Press: ? - help, Dir - move target, f/p - gnoll
Aim: a gnoll, wielding a +0 spear (lightly wounded, about 37% to evade your +0 trident)
You reach to attack!
You closely miss the gnoll.
The gnoll is lightly wounded.
The gnoll hits you but does no damage.
You puncture the orc priest!
The orc priest is severely wounded.
You block the gnoll's attack.
The orc priest miscasts a cantrip.
You hit the orc priest.
The orc priest is almost dead.
The gnoll hits you but does no damage.
The orc priest mumbles some strange prayers to Beogh against you.
Beogh smites you!
* * * LOW HITPOINT WARNING * * *
You closely miss the orc priest.
The orc priest is almost dead.
The gnoll hits you from afar with a +0 spear.
* * * LOW HITPOINT WARNING * * *
The orc priest hits you but does no damage.
You barely miss the orc priest.
The orc priest is almost dead.
The gnoll hits you from afar with a +0 spear.
You die...

#..# ###.#..#
####g#.###.g..##
#.g.......##g###
#.##.....###o###
#g##..##.# #.##.
#g##..##.###)#..
#.##......)og...
###g.......###....
#♣og....... +....
#######...## #....
.## ##... # ##..
##. ## # # #


You could see an orc priest, a gnoll and a goblin.

Vanquished Creatures
  Jessica (D:2)
  A sleepcap (D:3)
  An orc wizard (D:3)
  3 gnolls (D:3)
  5 adders
  5 worms
  3 dart slugs (D:1)
  7 orcs (D:3)
  3 bats
  6 endoplasms
  A giant cockroach (D:1)
  4 hobgoblins
  5 jackals
  7 kobolds
  8 ball pythons
  2 frilled lizards
  2 goblins
  5 rats
69 creatures vanquished.

Notes
Turn   | Place    | Note
-------+----------+-------------------------------------------
     0 | D:1      | Tyszek the Minotaur Fighter began the quest for the Orb.
     0 | D:1      | Reached XP level 1. HP: 19/19 MP: 0/0
   184 | D:1      | Reached XP level 2. HP: 26/26 MP: 1/1
   306 | D:1      | Reached skill level 3 in Polearms
   868 | D:2      | Reached XP level 3. HP: 31/31 MP: 2/2
  1113 | D:2      | Reached skill level 4 in Polearms
  1172 | D:2      | Reached XP level 4. HP: 39/39 MP: 3/3
  1252 | D:2      | Reached skill level 5 in Armour
  1328 | D:2      | Found a faded altar of an unknown god.
  1377 | D:2      | Noticed Jessica
  1387 | D:2      | Killed Jessica
  1787 | D:3      | Reached skill level 5 in Polearms
  1857 | D:3      | Reached XP level 5. HP: 45/45 MP: 4/4
  2242 | D:3      | Reached skill level 6 in Polearms
  2250 | D:3      | HP: 1/67 [gnoll/+0 spear (5)]
  2251 | D:3      | Slain by a gnoll

Illustrated notes

Levels and vault maps discovered:
D:1:      eino_arrival_tree_alley, layout_basic,
          amcnicky_mini_rare_corridor_liquid, minmay_pentomino_r4
D:2:      layout_loops_ring, hellmonk_ecumenical_altar_leap_of_faith,
          kennysheep_another_room, uniq_jessica
D:3:      minmay_angry_zag, layout_loops_corners, minmay_joined_circles,
          uniq_crazy_yiuf_cottage

Skill      XL: |  1  2  3  4  5 |
---------------+----------------+-----
Armour         | 4 5 |  5.5
Polearms       | 3 4 5 6 |  6.1
Fighting       | |  3.6
Dodging        | |  0.4
Shields        | |  3.6

Action                     |  1- 3 |  4- 6 || total
---------------------------+-------+-------++-------
  Melee: Trident           |    75 |   137 ||   212
         Headbutt          |     7 |     9 ||    16
         Unarmed           |       |     4 ||     4
    Use: Scroll            |       |     2 ||     2
         Potion            |       |     1 ||     1
 Armour: Scale mail        |     7 |       ||     7
         Plate armour      |     8 |    81 ||    89
         Skin              |       |    16 ||    16
  Dodge: Dodged            |    18 |    39 ||    57
  Block: Buckler           |    10 |    32 ||    42
